 Dungeon Crawl Stone Soup version 0.24.0-13-gcf9b319 (webtiles) character file.

Game seed: 1124874566105592304, levelgen mode: deterministic

28 silenth the Skirmisher (level 3, -1/26 HPs)
             Began as an Octopode Fighter on Apr 19, 2020.
             Slain by a worm (9 damage)
             ... on level 2 of the Dungeon.
             The game lasted 00:00:24 (672 turns).

silenth the Skirmisher (Octopode Fighter)            Turns: 672, Time: 00:00:25

Health: -1/26      AC:  1    Str: 15    XL:     3   Next: 14%
Magic:  3/3        EV: 11    Int: 10    God:
Gold:   40         SH:  8    Dex: 12    Spells: 2/2 levels left

rFire    . . .     SeeInvis .   a - +0 long sword
rCold    . . .     Gourm    .   b - +0 shield
rNeg     . . .     Faith    .   (helmet restricted)
rPois    .         Spirit   .   (no amulet)
rElec    .         Reflect  .   (no ring)
rCorr    .         Harm     .   (no ring)
MR       .....                  (no ring)
Stlth    ++........             (no ring)
HPRegen  0.08/turn              (no ring)
MPRegen  0.08/turn              (no ring)
                                (no ring)
                                (no ring)

@: no status effects
A: almost no armour, stealthy swim, amphibious, 8 rings, constrict 8, camouflage
1, gelatinous body 1
a: no special abilities


You were on level 2 of the Dungeon.
You were not hungry.

You visited 1 branch of the dungeon, and saw 2 of its levels.

You collected 40 gold pieces.

Inventory:

Hand Weapons
 a - a +0 long sword (weapon)
Armour
 b - a +0 shield (worn)
Scrolls
 d - 2 scrolls of identify {unknown}
 f - a scroll of magic mapping {unknown}
Potions
 c - a potion of might
 g - a potion of heal wounds {unknown}
 h - a potion of magic {unknown}
Comestibles
 e - 3 rations


   Skills:
 + Level 3.4 Fighting
 * Level 3.1 Long Blades
 - Level 3.0 Dodging
 - Level 3.0 Shields


You had 2 spell levels left.
You didn't know any spells.
Your spell library was empty.

Dungeon Overview and Level Annotations

Branches:
Dungeon (2/15)

Altars:

Annotations:
D:1 digging


Innate Abilities, Weirdness & Mutations

You cannot wear most types of armour.
You are very stealthy in the water. (Stealth+)
You are amphibious.
You can wear up to eight rings at the same time.
You can use your tentacles to constrict eight enemies at once.
Your skin changes colour to match your surroundings (Stealth+).
Your rubbery body absorbs attacks. (AC +1, EV +1)


Message History

You see here a +0 dagger.
Found a stone staircase leading down.
You hit the worm but do no damage. You grab the worm. You constrict the worm.
The worm bites you!
You are too injured to fight recklessly!
You are too injured to fight recklessly!
You are too injured to fight recklessly!
You hit the worm.
The worm is moderately wounded.
You constrict the worm. The worm bites you. The dart slug misses you.
You riposte.
You hit the dart slug. You grab the dart slug. You squeeze the dart slug.
The dart slug is heavily wounded.
You slash the dart slug!
You kill the dart slug!
You constrict the worm. You hit the worm.
The worm is severely wounded.
You constrict the worm. The worm bites you!
You die...

#....<...# #
#%.......# .#.
#........##... .
#....†.†.#.... ..
#...........#.
...#.........#...
.........<.......
..##.............
......w@..##)..##
>.......†..#.###
..#........#.#
#..........
######......#
#......# #......#
#......#


You could see a worm.

Vanquished Creatures
  An adder (D:2)
  A dart slug (D:2)
  A leopard gecko (D:1)
  A ball python (D:1)
  A goblin (D:2)
  A hobgoblin (D:1)
  4 jackals (D:1)
  3 bats (D:1)
  A kobold (D:2)
  2 rats (D:1)
16 creatures vanquished.

Notes
Turn   | Place    | Note
-------+----------+-------------------------------------------
     0 | D:1      | silenth the Octopode Fighter began the quest for the Orb.
     0 | D:1      | Reached XP level 1. HP: 16/16 MP: 1/1
   128 | D:1      | Reached XP level 2. HP: 20/21 MP: 2/2
   660 | D:2      | Reached skill level 3 in Long Blades
   660 | D:2      | Reached XP level 3. HP: 22/26 MP: 3/3
   672 | D:2      | Slain by a worm

Levels and vault maps discovered:
D:1:      lordsloth_arrival_two_stooges, layout_basic, due_unseen_surprise
D:2:      layout_rooms, old_standard_altar

Skill      XL: |  1  2 |
---------------+-------+-----
Long Blades    | 3 |  3.1
Fighting       | |  3.4
Dodging        | |  3.0
Shields        | |  3.0

Action                   || total
-------------------------++-------
Melee: Long sword        ||    28
       Constrict         ||    10
       Tentacles         ||     4
 Stab: Sleeping          ||     3
Dodge: Dodged            ||     8
Block: Shield            ||    13
       Rpst.: Long sword ||     3
